Cogmind - Beta 17.1 @@@ ROGUE MODE // 2026.08.27 @ 16:24:24 Player: Bsuter Result: Destroyed by E7-88I(R) with Subdweller Laser Performance ------------- Evolutions (0) 0 Regions Visited (2) 400 Robots Destroyed (31) 155 Value Destroyed (557) 557 Prototype IDs (0) 0 Alien Tech Used (0) 0 Bonus (0) 0 TOTAL SCORE: 1112 Bonus ------- None Cogmind --------- Core Integrity 0/250 Matter 300/300 Energy 100/100 System Corruption 0% Temperature Cool (6) Movement Hovering (120) Ox1 Location -10/Subcaves Parts ------- > --- POWER (1) -------- (None) > --- PROPULSION (2) --- Hover Unit > --- UTILITY (2) ------ Small Storage Unit Seismic Detector > --- WEAPON (2) ------- EM Pulse Gun Small Laser > --- INVENTORY (8) ---- Ion Engine Wheel Improved Hover Unit Visual Processing Unit Sensor Array Signal Interpreter Light Armor Plating Light Cannon Peak State ------------ > --- POWER ------------ Ion Engine > --- PROPULSION ------- Improved Hover Unit Improved Hover Unit > --- UTILITY ---------- Small Storage Unit Seismic Detector > --- WEAPON ----------- Assault Rifle Light Assault Rifle > --- INVENTORY -------- Light Ion Engine Aluminum Leg Wheel Wheel Improved Hover Unit Improved Hover Unit Light Armor Plating Assault Rifle [Rating: 10] Favorites ----------- Power Ion Engine Engine Ion Engine Propulsion Improved Hover Unit Leg Aluminum Leg Hover Unit Improved Hover Unit Flight Unit Flight Unit Utility Small Storage Unit Device Seismic Detector Storage Small Storage Unit Protection Light Armor Plating Weapon Assault Rifle Energy Gun EM Pulse Gun Energy Cannon Beam Cannon Ballistic Gun Assault Rifle Special Weapon Mining Laser Build | -11 -10 -10 ------- Run | Yrd Mat Sub Slots Evolved . | . . . Power . | . . . Propulsion . | . . . Utility . | . . . Weapon . | . . . Parts Attached 24 | 7 17 . Power 3 | 1 2 . Engine 3 | 1 2 . Core . | . . . Reactor . | . . . Propulsion 9 | 2 7 . Treads . | . . . Leg 3 | 2 1 . Wheel . | . . . Hover 4 | . 4 . Flight 2 | . 2 . Utility 4 | 2 2 . Device 2 | 1 1 . Storage 1 | 1 . . Processor . | . . . Hackware . | . . . Protection 1 | . 1 . Artifact . | . . . Weapon 8 | 2 6 . Energy Gun 3 | . 3 . Energy Cannon 1 | . 1 . Ballistic Gun 3 | 2 1 . Ballistic Cannon . | . . . Launcher . | . . . Special Weapon 1 | . 1 . Impact Weapon . | . . . Slashing Weapon . | . . . Piercing Weapon . | . . . Special Melee Weapon . | . . . Unidentified Prototypes . | . . . Parts Lost 9 | . 7 2 Power 2 | . 1 1 Propulsion 3 | . 2 1 Utility . | . . . Weapon 4 | . 4 . Highest Loss Streak 2 | . 2 2 To Critical Strikes . | . . . Average Backups 6 | 4 6 8 Power . | . . 1 Propulsion 3 | 3 3 2 Utility 1 | . 1 4 Weapon . | . . 1 Tool/Special . | . . . Unused Backups 12 | . 6 6 Power 1 | . 1 . Propulsion 6 | . 4 2 Utility 4 | . 1 3 Weapon 1 | . . 1 Tool/Special . | . . . Average Slot Usage (%) 99 | . 99 100 Engine 13 | . 13 14 Leg 9 | . 9 . Hover 18 | . 18 28 Device 13 | . 13 14 Storage 14 | . 14 14 Energy Gun 11 | . 11 28 Ballistic Gun 14 | . 14 . Special Weapon 1 | . 1 . Peak Build Rating 10 | 7 10 9 Average Rating 8 | 4 8 8 On Entrance 5 | . 7 9 Avg Prop Armor Cover (%) . | . . . Naked Turns . | . . . Heaviest Build 18 | 14 18 12 Greatest Support 20 | 20 20 13 Greatest Overweight (x) 1 | 1 1 1 Average Overweight (x) . | . . . Largest Inventory Capacity 8 | 8 8 8 Average Capacity 7 | 6 8 8 Most Carried 8 | 6 8 8 Average Carried 6 | 4 6 8 Final Capacity 8 | 8 8 8 Final Carried 8 | 6 8 8 Class Distribution -------------------- 83% | Mutant 16% | Scavenger-Mutant Dominant Class ---------------- Mutant | -10/Materials Scavenger-Mutant | -10/Subcaves Resources | -11 -10 -10 ----------- Run | Yrd Mat Sub Matter Collected 896 | 302 594 . Remotely . | . . . Salvage Created 883 | 120 763 . Parts 60 | 7 53 . Haulers Intercepted . | . . . Recyclers Shooed 1 | . 1 . Parts Field Recycled . | . . . Retrieved Matter . | . . . Parts Self-Destructed . | . . . Prevented . | . . . Parts Restored . | . . . Kills | -11 -10 -10 ------- Run | Yrd Mat Sub Combat Hostiles Destroyed 16 | . 16 . Guns 16 | . 16 . Classes Destroyed 8 | 3 5 . Worker 2 | 1 1 . Builder 3 | . 3 . Tunneler 4 | 1 3 . Recycler 2 | 1 1 . Operator 1 | . 1 . Watcher 3 | . 3 . Swarmer 6 | . 6 . Grunt 10 | . 10 . Best Kill Streak 6 | 3 6 . Combat Bots Only 3 | . 3 . Max Kills in Single Turn 1 | 1 1 . Gunslinging . | . . . Exploded . | . . . Melee . | . . . Uniques/NPCs Destroyed . | . . . Combat | -11 -10 -10 -------- Run | Yrd Mat Sub Hostile Shots Fired 143 | . 135 8 Missed 46 | . 42 4 Hits 97 | . 93 4 Projectile 97 | . 93 4 Critical Strikes 2 | . 2 . Damage Taken 1137 | . 1051 86 Core 263 | . 243 20 Absorbed by Shields . | . . . Core Remaining (%) 100 | 100 . . Volleys Fired 143 | 14 129 . Largest 2 | 2 2 . Hottest 140 | 40 140 . Shots Fired 240 | 28 212 . Gun 209 | 28 181 . Cannon 6 | . 6 . Launcher . | . . . Special 25 | . 25 . Kinetic 162 | 28 134 . Thermal 62 | . 62 . Explosive . | . . . Electromagnetic 16 | . 16 . Robot Hit Streak 7 | 7 7 . Robot Miss Streak 5 | 3 5 . Penetration Max . | . . . Secondary Targets 1 | . 1 . Max Gunslinging Chain 1 | . 1 . Shots Hit Robots 110 | 18 92 . Core Hits 46 | 4 42 . Critical Kills . | . . . Critical Parts Destroyed 2 | 1 1 . Critical Strikes 2 | 1 1 . Destroy 2 | 1 1 . Melee Attacks . | . . . Impact . | . . . Slashing . | . . . Piercing . | . . . Sneak Attacks . | . . . Combat Hostiles . | . . . Follow-up Attacks . | . . . Damage Inflicted 1408 | 170 1238 . Guns 1354 | 170 1184 . Cannons 35 | . 35 . Explosions . | . . . Melee . | . . . Ramming 19 | . 19 . Kinetic 940 | 170 770 . Thermal 306 | . 306 . Explosive . | . . . Electromagnetic 143 | . 143 . Impact . | . . . Slashing . | . . . Piercing . | . . . Highest Corruption . | . . . Average Corruption . | . . . Corruption Purged . | . . . Corruption Blocked . | . . . Overload Shots . | . . . Overflow Damage . | . . . Projectiles . | . . . Explosions . | . . . Melee . | . . . Knockbacks . | . . . Impact . | . . . Kinetic . | . . . Secondary . | . . . Self-Inflicted Damage 9 | . 9 . Shots . | . . . Rammed 1 | . 1 . Targets Rammed 1 | . 1 . Kicked . | . . . Crushed . | . . . Highest Temperature 453 | . 453 . Average Temperature 86 | . 86 . Received Heat Transfer 435 | . 417 18 Effects 5 | . 5 . Shutdowns 3 | . 3 . Matter Decay 2 | . 2 . Siege Activations . | . . . Martial Activations . | . . . Shielding Activations . | . . . Robots Disrupted . | . . . Combat Hostiles . | . . . Robots Corrupted . | . . . Combat Hostiles . | . . . Parts Fried . | . . . Impact Corruptions . | . . . Robots Melted . | . . . Combat Hostiles . | . . . Parts Melted 1 | . 1 . Heat Transferred 717 | . 717 . Parts Sabotaged . | . . . Parts Stolen . | . . . Parts Stripped . | . . . Power Chain Reactions . | . . . Alert | -11 -10 -10 ------- Run | Yrd Mat Sub Maximum Alert Level . | . . . Low Security (%) 100 | 100 100 . Level 1 . | . . . Level 2 . | . . . Level 3 . | . . . Level 4 . | . . . Level 5 . | . . . High Security . | . . . Max Security . | . . . Peak Influence 122 | 10 122 . Initial . | . . . Average 50 | . 54 . Influence Increases 598 | 15 583 . Destroy 0b10 Robot/C 320 | . 320 . Destroy 0b10 Robot/NC 75 | 15 60 . Destroy Leader 96 | . 96 . Successful Hack 11 | . 11 . Disable Machine 15 | . 15 . Destroy Structure 21 | . 21 . Lose Combat Pursuer 60 | . 60 . Influence Decreases 586 | 15 500 71 Entered New Map 41 | . . 41 Time Decay 462 | 15 437 10 Lost Part 83 | . 63 20 Squads Dispatched 5 | . 5 . Investigation 3 | . 3 . Extermination . | . . . Reinforcement 2 | . 2 . Assault . | . . . Garrison . | . . . Intercept . | . . . Searches Triggered . | . . . Construction Impeded . | . . . Haulers Reinforced . | . . . Active Scanning Responses . | . . . Cargo Convoy Interrupts . | . . . Stealth | -11 -10 -10 --------- Run | Yrd Mat Sub Distress Signals 1 | . 1 . Communications Jammed . | . . . Distress Signals . | . . . Times Spotted 38 | . 35 3 Peak Tracking Total 4 | . 4 3 Tactical Retreats 2 | . 2 . Traps | -11 -10 -10 ------- Run | Yrd Mat Sub Traps Triggered 3 | . 3 . Indirectly . | . . . Trap Hack Attempts . | . . . Triggered . | . . . Disarmed . | . . . Reprogrammed . | . . . Reused . | . . . Traps Extracted . | . . . Installed . | . . . Triggered . | . . . Machines | -11 -10 -10 ---------- Run | Yrd Mat Sub Machines Disabled 1 | . 1 . Max in Single Turn 1 | . 1 . Machines Repaired . | . . . Machines Dismantled . | . . . Machines Sabotaged . | . . . Overloaded Fab Kills . | . . . Hacking | -11 -10 -10 --------- Run | Yrd Mat Sub Machines Accessed 5 | . 5 . Terminals 3 | . 3 . Fabricators . | . . . Repair Stations 1 | . 1 . Recycling Units 1 | . 1 . Scanalyzers . | . . . Garrison Access . | . . . Total Hacks 14 | . 14 . Successful 5 | . 5 . Failed 9 | . 9 . Catastrophic . | . . . Database Lockouts . | . . . Manual 3 | . 3 . Terminals 9 | . 9 . Fabricators . | . . . Repair Stations 3 | . 3 . Recycling Units 2 | . 2 . Scanalyzers . | . . . Garrison Access . | . . . Terminal Hacks 3 | . 3 . Terminal Index 1 | . 1 . Locate Traps 1 | . 1 . Investigation Status 1 | . 1 . Fabricator Hacks . | . . . Repair Station Hacks 1 | . 1 . Scan Component 1 | . 1 . Recycling Unit Hacks 1 | . 1 . Report Inventory 1 | . 1 . Scanalyzer . | . . . Garrison Access Hacks . | . . . Unauthorized Hacks . | . . . Terminals . | . . . Fabricators . | . . . Repair Stations . | . . . Recycling Units . | . . . Scanalyzers . | . . . Garrison Access . | . . . Data Cores Recovered . | . . . Used . | . . . Hacking Detections 5 | . 5 . Full Trace Events 2 | . 2 . Feedback Events . | . . . Feedback Blocked . | . . . Robot Schematics Acquired . | . . . Robots Built . | . . . Authchips . | . . . Time . | . . . Total Robot Build Rating . | . . . Part Schematics Acquired . | . . . Parts Built . | . . . Authchips . | . . . Time . | . . . Total Part Build Rating . | . . . Part Studies Acquired . | . . . Parts Repaired . | . . . Time . | . . . Parts Recycled . | . . . Recycled Matter . | . . . Retrieved Matter . | . . . Retrieved Components . | . . . Parts Scanalyzed . | . . . Part Schematics Acquired . | . . . Parts Damaged . | . . . Bothacking | -11 -10 -10 ------------ Run | Yrd Mat Sub Used RIF Installer . | . . . Robots Hacked . | . . . Non-combat . | . . . Combat . | . . . Robot Hacks Applied . | . . . Relay Couplers Released . | . . . Fabnet Peak Effective % . | . . . Robots Rewired . | . . . Allies Hacked . | . . . Hacks Repelled . | . . . Allies | -11 -10 -10 -------- Run | Yrd Mat Sub Total Allies . | . . . Largest Group . | . . . Highest-Rated Group . | . . . Highest-Rated Ally . | . . . Total Orders . | . . . Ally Attacks . | . . . Total Damage . | . . . Kills . | . . . Allies Corrupted . | . . . Allies Melted . | . . . Intel | -11 -10 -10 ------- Run | Yrd Mat Sub Active Infowar (turns) 2271 | 5 2229 37 Seismic 2271 | 5 2229 37 Robot Analysis Total . | . . . Derelict Logs Recovered . | . . . Drone Launches . | . . . Drone Recoveries . | . . . Exploration | -11 -10 -10 ------------- Run | Yrd Mat Sub Turns Passed 2507 | 159 2311 37 Spaces Moved 1789 | 96 1632 61 Core 20 | 20 . . Treads . | . . . Legs 416 | 76 340 . Wheels . | . . . Hover 1353 | . 1292 61 Flight . | . . . Fastest Speed 50 | 50 56 56 Average Speed 82 | 108 81 60 Slowest Speed 120 | 120 120 120 Overloaded Moves . | . . . Propulsion Burnouts . | . . . Robots Hopped . | . . . Potential Cave-ins . | . . . Cave-ins Triggered . | . . . Exploration Rate (%) 33 | 4 93 2 Regions Visited 2 Branch Regions 1 Pre-discovered Areas . | . . . Known Exits Taken . | . . . Unknown Exits Taken 2 | 1 1 . Scrap Searched . | . . . Spaces Dug 23 | . 23 . Terrain Destroyed 23 | . 23 . Melee . | . . . Projectile 23 | . 23 . AOE . | . . . Terrain Rammed . | . . . Walls Destroyed . | . . . Machines Disabled . | . . . Actions | -11 -10 -10 --------- Run | Yrd Mat Sub Total 2537 | 122 2354 61 Wait 533 | . 533 . Move 1787 | 95 1631 61 Hop . | . . . Pick Up 27 | 6 21 . Fast Attach 9 | 7 2 . Attach 6 | . 6 . Detach . | . . . Swap 14 | . 14 . Drop 17 | . 17 . Fire 143 | 14 129 . Melee . | . . . Ram 1 | . 1 . Kick . | . . . Crush . | . . . Escape Stasis . | . . . Rewire . | . . . Trap . | . . . Miscellaneous . | . . . Route ------- -11/Scrapyard -10/Materials (discovered 5 exits: [*Mat x3] / [*Min] / [*Sub]) -10/Subcaves (discovered 1 exit: [*Mat]) History --------- Turn | Location | Event 12 | -11/Scrapyard | Discovered new exit (range 16) 160 | -11/Scrapyard | Entered Materials 309 | -10/Materials | Build established: Mutant 810 | -10/Materials | Discovered new exit (range 10) 934 | -10/Materials | Discovered new exit (range 13) 957 | -10/Materials | Discovered new exit (range 3) 1019 | -10/Materials | Discovered new exit (range 15) 1105 | -10/Materials | Core integrity fell below 50% 1260 | -10/Materials | Derelicts attacked the area 1910 | -10/Materials | Core integrity fell below 20% 2406 | -10/Materials | Build established: Scavenger-Mutant 2455 | -10/Materials | Discovered new exit (range 10) 2471 | -10/Materials | Entered Subcaves 2495 | -10/Subcaves | Ambushed by Subdweller buried in earth 2501 | -10/Subcaves | Discovered new exit (range 13) 2508 | -10/Subcaves | Destroyed by E7-88I(R) with Subdweller Laser Last Messages --------------- 02100_ Imp. Hover Unit destroyed. 02115_ Acquired 10 matter. 02133_ Connecting with Terminal... 02197_ Destroyed Hover Unit. 02366_ K-01 Serf cleans the Electrolysis Chamber. 02389_ Acquired Lgt. Cannon. 02420_ T-07 Excavator destroyed. 02432_ W-16 Scout destroyed. 02438_ Acquired Visual Processing Unit. 02455_ EXIT=FOUND 02469_ Connecting with D.C.S.S. Altar Unit... LOCATION=UNKNOWN AMBIENT_HEAT=-10 GOAL=ESCAPE 02495_ CN-NTC(R) comes tumbling out of the earth. 02501_ EXIT=FOUND 02501_ Lgt. Ion Engine destroyed. 02503_ Imp. Hover Unit destroyed. Map ----- +----------------------------------------------------+ | ?????????????## ##???????#???????????????????? | | ??????????????## ##??????????????????????????? | | ???????????????## ##?????????????????????????? | | ????????????????## #?????????????????????????? | | ????????????????## #?????????????????????????? | | ???????????????## ###????????????????????????? | | ??????????????## ## ?????????????????????????? | | ?????????????## ## ??????????????????????????? | | ????????????## ## ???????????????????????????? | | ???????????## ## ????????????????????????????? | | ???????????# # #????????????????????????????? | | ???????????#%##"#????????????????????????????? | | ???????????# # #?????????????????????????????? | | ???????????# ##?????????????????????????????? | | ????????????##R##????????????????????????????? | | ?????????????# ##???????????????????????????? | | ?????????????### ##??????????????????????????? | | ???????????????## ##?????????????????????????? | | ????????????????## ##??#?????????????????????? | | ?????????????????## ##%#?????????????????????? | | ??????????????????## # ####??????????????????? | | ???????????????????## ### ###????????????????? | | ????????????????????## "" #????????????????? | | ?????????????????????# R" #????????????????? | | ?????????????????????##" ##????????????????? | | ??????????????????????###@ #?????????????????? | | ???????????????????????# < #???????????????? | | ???????????????????????## #??????????????? | | ????????????????????????##R #?????????????? | | ?????????????????????????? # #?????????????? | | ?????????????????????????? # #?????????????? | | ?????????????????????????? ? #?????????????? | | ?????????????????????????? ? #?????????????? | | ?????????????????????????? # ??#?????????????? | | ???????????????????????????##????????????????? | | ?????????????????????????????????????????????? | | ?????????????????????????????????????????????? | | ?????????????????????????????????????????????? | | ?????????????????????????????????????????????? | | ?????????????????????????????????????????????? | | ?????????????????????????????????????????????? | | ?????????????????????????????????????????????? | | ?????????????????????????????????????????????? | | ?????????????????????????????????????????????? | | ?????????????????????????????????????????????? | | ?????????????????????????????????????????????? | | ?????????????????????????????????????????????? | | ?????????????????????????????????????????????? | | ?????????????????????????????????????????????? | | ?????????????????????????????????????????????? | +----------------------------------------------------+ Best States ------------- Heat Dissipation 25 Energy Generation 10 Energy Capacity 250 Matter Stores 300 Matter Capacity 300 Sight Range 16 Terrain Scan Density 10 Armor Coverage 150 Evasion (%) 55 Item Schematics ----------------- None Robot Schematics ------------------ None Fabricated ------------ Nothing Repaired ---------- Nothing Studied --------- None Alien Tech Used ----------------- None Achievements -------------- None Challenges ------------ None Game ------ Seed ReactionJammingBiocell Manual? 0 Play Time 00:36:06 Cumulative 7.3 hours Start 2026.08.27 @ 15:25:22 End 2026.08.27 @ 16:24:24 Sessions 3 Manual Loads 0 Difficulty Rogue Special Mode None Game No. 10 Rogue 10 Adventurer 0 Explorer 0 Win Type - Total 0 Types 0/0/0/0/0/0/0/0/0/0 Lore% 3 Gallery% 10 Achievement% 10 Wizard Run 0 Options --------- Layout 1 ASCII 0 Keyboard 1 Movement Arrows Keybinds 1 Fullscreen 2 Font 36/Smallcaps Map View 50x40 Zoom Use 0% Tactical HUD 1 Map Filters NONE Filters NONE Steam 1 RUN: a44b0ed3-3511-4cc9-a519-716623928045